General information
- name: BNet
- type: Ladder team game (AT/RT)
- host: Battle.net
- saver: boli
map: TranquilPaths
- players: 4
- length: 16:27
- speed: Fast
- version: 1.24 W3XP
- replay type: Public
» download(97 KB)
Players
team 1 (loser)
woolo (
teal | 127 APM | 2092 actions | 16:25)
4 Death Knight
2 Death Coil
2 Unholy Aura
» actions
| Assign group hotkey | 32 | |
| Build / train | 41 | |
| ESC pressed | 4 | |
| Enter build submenu | 17 | |
| Enter hero's abilities submenu | 4 | |
| Right click | 860 | |
| Select / deselect | 296 | |
| Select group hotkey | 786 | |
| Use ability | 52 | |
2092 total
» units
| Acolyte | 6 | |
| Ghoul | 3 | |
| Crypt Fiend | 10 | |
| Goblin Zeppelin | 1 | |
| Frost Wyrm | 1 | |
21 total
» upgrades
| Creature Carapace | 1 | |
| Web | 1 | |
| Creature Attack | 2 | |
| Freezing Breath | 1 | |
5 total
» buildings
| Altar of Darkness | 1 | |
| Ziggurat | 6 | |
| Crypt | 2 | |
| Tomb of Relics | 1 | |
| Graveyard | 1 | |
| Halls of the Dead | 1 | |
| Black Citadel | 1 | |
| Sacrificial Pit | 1 | |
| Spirit Tower | 2 | |
| Boneyard | 2 | |
18 total
» build order
00:12 Altar of Darkness
00:20 Ziggurat
00:37 Crypt
01:12 Tomb of Relics
01:22 Graveyard
01:51 Crypt
02:21 Ziggurat
02:24 Ziggurat
04:43 Ziggurat
05:24 Halls of the Dead
06:45 Ziggurat
07:47 Black Citadel
08:08 Sacrificial Pit
08:59 Ziggurat
09:55 Spirit Tower
09:56 Spirit Tower
11:01 Boneyard
11:23 Boneyard
» items
| Rod of Necromancy | 1 | |
| Scroll of Town Portal | 3 | |
4 total

»
Worms. (
red | 66 APM | 1066 actions | 16:13)
3 Blademaster
2 Wind Walk
1 Critical Strike
2 Shadow Hunter
1 Hex
1 Healing Wave
» actions
| Assign group hotkey | 25 | |
| Basic commands | 45 | |
| Build / train | 52 | |
| ESC pressed | 2 | |
| Enter build submenu | 15 | |
| Enter hero's abilities submenu | 5 | |
| Right click | 365 | |
| Select / deselect | 268 | |
| Select group hotkey | 246 | |
| Use ability | 43 | |
1066 total
» units
| Peon | 7 | |
| Grunt | 5 | |
| Raider | 12 | |
| Shaman | 4 | |
| Kodo Beast | 1 | |
| Troll Witch Doctor | 1 | |
30 total
» upgrades
| Shaman Training | 2 | |
| Armor | 1 | |
| Ensnare | 1 | |
| Melee Weapons | 2 | |
| Pillage | 1 | |
| Witch Doctor Training | 2 | |
9 total
» buildings
| Altar of Storms | 1 | |
| Orc Burrow | 5 | |
| Barracks | 1 | |
| Stronghold | 1 | |
| War Mill | 1 | |
| Beastiary | 1 | |
| Spirit Lodge | 1 | |
| Fortress | 2 | |
| Great Hall | 1 | |
| Watch Tower | 1 | |
15 total
» build order
00:19 Altar of Storms
00:22 Orc Burrow
00:30 Barracks
01:39 Orc Burrow
02:47 Stronghold
03:12 War Mill
05:08 Orc Burrow
05:15 Beastiary
05:21 Spirit Lodge
06:15 Orc Burrow
06:50 Fortress
06:51 Fortress
08:22 Orc Burrow
11:46 Great Hall
13:42 Watch Tower
» items
team 2 (winner)

»
boli (
green | 98 APM | 1605 actions | 16:27)
5 Death Knight
3 Death Coil
2 Unholy Aura
3 Lich
2 Frost Nova
1 Frost Armor
2 Crypt Lord
1 Impale
1 Spiked Carapace
» actions
| Assign group hotkey | 18 | |
| Basic commands | 151 | |
| Build / train | 65 | |
| ESC pressed | 2 | |
| Enter build submenu | 21 | |
| Enter hero's abilities submenu | 10 | |
| Give item / drop item | 3 | |
| Right click | 667 | |
| Select / deselect | 237 | |
| Select group hotkey | 346 | |
| Use ability | 85 | |
1605 total
» units
| Acolyte | 2 | |
| Ghoul | 2 | |
| Crypt Fiend | 11 | |
| Obsidian Statue | 1 | |
| Frost Wyrm | 2 | |
| Goblin Zeppelin | 3 | |
21 total
» upgrades
| Creature Attack | 3 | |
| Burrow | 1 | |
| Creature Carapace | 2 | |
| Web | 1 | |
| Destroyer Form | 1 | |
| Freezing Breath | 1 | |
9 total
» buildings
| Graveyard | 1 | |
| Crypt | 1 | |
| Altar of Darkness | 1 | |
| Ziggurat | 7 | |
| Tomb of Relics | 1 | |
| Nerubian Tower | 1 | |
| Halls of the Dead | 2 | |
| Black Citadel | 2 | |
| Sacrificial Pit | 1 | |
| Boneyard | 1 | |
| Slaughterhouse | 1 | |
19 total
» build order
00:10 Graveyard
00:12 Crypt
00:28 Altar of Darkness
00:35 Ziggurat
00:57 Tomb of Relics
01:43 Ziggurat
03:36 Nerubian Tower
03:37 Ziggurat
05:08 Halls of the Dead
05:08 Halls of the Dead
05:33 Ziggurat
07:30 Black Citadel
07:30 Black Citadel
07:35 Sacrificial Pit
08:07 Ziggurat
11:02 Boneyard
11:05 Slaughterhouse
12:51 Ziggurat
14:43 Ziggurat
» items
| Rod of Necromancy | 3 | |
| Scroll of Town Portal | 1 | |
| Orb of Corruption | 1 | |
| Scroll of Healing | 1 | |
| Scroll of Protection | 1 | |
7 total
nX. (
blue | 99 APM | 1628 actions | 16:26)
3 Priestess of the Moon
1 Searing Arrows
1 Trueshot Aura
1 Scout
» actions
| Assign group hotkey | 6 | |
| Basic commands | 207 | |
| Build / train | 35 | |
| Enter build submenu | 8 | |
| Enter hero's abilities submenu | 3 | |
| Remove unit from queue | 1 | |
| Right click | 1009 | |
| Select / deselect | 208 | |
| Select group hotkey | 57 | |
| Use ability | 94 | |
1628 total
» units
» upgrades
» buildings
| Altar of Elders | 1 | |
| Moon Well | 4 | |
| Hunter's Hall | 1 | |
| Ancient of War | 2 | |
| Tree of Ages | 1 | |
9 total
» build order
00:11 Altar of Elders
00:24 Moon Well
01:47 Hunter's Hall
01:52 Ancient of War
02:32 Moon Well
02:40 Ancient of War
03:24 Moon Well
05:40 Moon Well
13:07 Tree of Ages
Chat log
(00:14 / Allies) boli: god
(00:17 / Allies) boli: i hate going fiend
(00:18 / Allies) nX.: lol
(00:47 / Allies) boli: shees are so underused
(00:51 / Allies) nX.: i know
(00:57 / Allies) nX.: anti magic shield
(00:58 / Allies) nX.: so nice
(01:04 / Allies) nX.: vs elf/hu
(01:05 / Allies) boli: work wonders vs bats
(01:09 / Allies) nX.: that as well
(01:14 / Allies) boli: no
(01:19 / Allies) boli: shees and frost armor
(01:23 / Allies) boli: are like auto win vs orc
(01:28 / Allies) nX.: i just go lich first
(01:30 / Allies) nX.: and tower rush orcs
(01:34 / Allies) boli: oo
(01:35 / Allies) nX.: frost armor first
(01:45 / Allies) boli: see
(01:47 / Allies) boli: its so diff on asia
(01:54 / Allies) boli: youd never hear of that here
(02:03 / Allies) nX.: x2 goul and feind
(02:04 / Allies) nX.: x2 aco
(02:06 / Allies) nX.: frost armor first
(02:07 / Allies) nX.: hit
(02:10 / Allies) nX.: u can beat him early game
(02:12 / Allies) nX.: when u get lv 2
(03:12 / Allies) boli: are u a proponent of weed?
(03:29 / Allies) nX.: bm
(03:31 / Allies) nX.: tryin to rass you
(04:57 / Allies) nX.: nj
(05:12 / Allies) nX.: stupid bm got me
(05:15 / Allies) nX.: -_-
(05:24 / Allies) boli: all good
(05:34 / All) Worms.: mother fucker
(05:46 / All) nX.: Problem?
(05:49 / All) Worms.: ur face
(05:52 / All) Worms.: its to ugly for me to handl
(10:29 / Allies) nX.: share
(10:48 / Allies) nX.: nGAHAe
(11:12 / Allies) nX.: ever have that happen?
(11:17 / Allies) boli: wat?
(11:19 / Allies) nX.: where u click and nothing listen?
(11:25 / Allies) boli: yea
(11:30 / Allies) boli: like a keybord freeze
(11:30 / Allies) nX.: weird.
(11:32 / Allies) boli: or something
(11:33 / Allies) nX.: like game froze
(11:34 / Allies) nX.: yeah
(11:39 / Allies) boli: lol
(11:43 / Allies) nX.: could not owl
(11:44 / Allies) boli: the one game some kid techs to lust
(11:47 / Allies) boli: i decide to frost
(11:51 / Allies) nX.: w/e
(11:53 / Allies) nX.: we still got
(11:55 / Allies) nX.: i bring wisp
(12:30 / Allies) nX.: so bad ud
(13:52 / Allies) nX.: i got
(13:57 / Allies) boli: u sure?
(14:43 / Allies) nX.: hit ud
(15:55 / Allies) boli: share